 Dungeon Crawl Stone Soup version 0.24-a0-434-gd57e52fea8 (webtiles) character file.

Game seed: 15568900421514036463

13 mhoghedin the Conjurer (level 2, -1/20 HPs)
             Began as a Draconian Conjurer on June 16, 2019.
             Slain by a quokka (3 damage)
             ... on level 1 of the Dungeon.
             The game lasted 00:01:39 (370 turns).

mhoghedin the Conjurer (Draconian Conjurer)          Turns: 370, Time: 00:01:39

Health: -1/20      AC:  4    Str: 10    XL:     2   Next: 24%
Magic:  1/5        EV: 12    Int: 15    God:
Gold:   9          SH:  0    Dex: 11    Spells: 2/5 levels left

rFire    . . .     SeeInvis .   (no weapon)
rCold    . . .     Gourm    .   (no shield)
rNeg     . . .     Faith    .   (armour unavailable)
rPois    .         Spirit   .   (helmet restricted)
rElec    .         Reflect  .   (no cloak)
rCorr    .         Harm     .   (no gloves)
MR       .....                  (no boots)
Stlth    ++........             (no amulet)
HPRegen  0.06/turn              (no ring)
MPRegen  0.09/turn              (no ring)

@: no status effects
A: unfitting armour, cold-blooded, AC +4
a: no special abilities


You were on level 1 of the Dungeon.
You were not hungry.

You visited 1 branch of the dungeon, and saw 3 of its levels.

You collected 9 gold pieces.

Inventory:

Potions
 a - a potion of brilliance {unknown}
Comestibles
 b - 3 rations


   Skills:
 - Level 1.7 Dodging
 - Level 1.7 Stealth
 - Level 2.0 Spellcasting
 + Level 4.6 Conjurations


You had 2 spell levels left.
You knew the following spells:

 Your Spells              Type           Power        Failure   Level  Hunger
a - Magic Dart            Conj           ###.         3%          1    #......
b - Searing Ray           Conj           ###...       4%          2    ###....

Your spell library contained the following spells:

 Spells                   Type           Power        Failure   Level  Hunger
 Dazzling Spray           Conj/Hex       #.....       26%         3    ###....
 Iskenderun's Mystic Bla  Conj           ###.....     32%         4    #####..
 Force Lance              Conj/Tloc      #.......     65%         4    #####..
 Fulminant Prism          Conj/Hex       #.........   65%         4    #####..


Dungeon Overview and Level Annotations

Branches:
Dungeon (3/15)

Altars:

Annotations:
D:2 Natasha


Innate Abilities, Weirdness & Mutations

Your plain brown scales are hard. (AC +4)
You cannot fit into any form of body armour.
You are cold-blooded and may be slowed by cold attacks.


Message History

You finish memorising.
Spell assigned to 'b'.
You start resting.
All of the chunks of flesh in your inventory have rotted away.
MP restored: 5
a - a murky purple potion You see here a ball python corpse.
An orc comes into view.
An orc is nearby!
Aim: an orc (resting)
The magic dart hits the orc.
The orc shouts!
You now have 4/5 mp.
Aim: an orc (severely wounded)
The magic dart hits the orc.
You kill the orc!
An orc comes into view. It is wielding a +0 whip.
You now have 3/5 mp.
Aim: an orc, wielding a +0 whip (hasn't noticed you)
The magic dart hits the orc.
The orc shouts!
You now have 2/5 mp.
Aim: an orc, wielding a +0 whip (almost dead)
The magic dart hits the orc.
You kill the orc!
You now have 1/5 mp.
You can't see any susceptible monsters within range! (Use Z to cast anyway.)
You can't see any susceptible monsters within range! (Use Z to cast anyway.)
A giant cockroach comes into view.
An orc wizard comes into view. It is wielding a +0 dagger.
Aim: an orc wizard, wielding a +0 dagger and wearing a +0 robe The magic dart hits the orc wizard but does no damage.
An orc wizard comes into view.
It is wielding a +1 dagger of protection.
The orc wizard hits you but does no damage.
You now have 0/5 mp.
You don't have enough magic to cast that spell.
You closely miss the orc wizard.
The orc wizard hits you with a +0 dagger.
You take 2 damage, and have 18/20 hp.
You closely miss the orc wizard.
The orc wizard shouts!
Your tail-slap misses the orc wizard.
The orc wizard looks satisfied for a moment.
The orc wizard gestures wildly while chanting.
The orc wizard blinks!
You hit the orc wizard but do no damage.
The orc wizard closely misses you.
You aren't carrying any items that you can evoke.
You barely miss the orc wizard.
Your tail-slap misses the orc wizard.
The orc wizard misses you.
An adder comes into view.
You hit the orc wizard but do no damage.
The orc wizard hits you with a +0 dagger.
You take 1 damage, and have 18/20 hp.
The orc wizard gestures at you while chanting.
The puff of frost hits you!
Ouch! That really hurt!
You take 10 damage, and have 8/20 hp.
MASSIVE DAMAGE!!
There is a stone staircase leading up here.
You climb upwards.
Natasha hisses angrily.
There is a stone staircase leading down here.
Natasha casts a spell at you. You resist with significant effort.
A hobgoblin comes into view.
An adder comes into view.
Found a stone staircase leading up.
A ball python comes into view.
The ball python hisses angrily.
Natasha casts a spell at you. You resist with significant effort.
A quokka comes into view.
A hobgoblin comes into view.
You hit the quokka. Natasha casts a spell at you.
You resist with significant effort. The quokka barely misses you.
The quokka bites you.
* * * LOW HITPOINT WARNING * * *
Natasha casts a spell.
You take 3 damage, and have 6/20 hp.
The quokka closely misses you. The quokka misses you.
The adder hisses angrily.
The quokka barely misses you.
Natasha hisses.
There is a stone staircase leading up here.
The quokka barely misses you.
The ball python bites you but does no damage.
The ball python closely misses you.
You climb upwards.
There is a stone staircase leading down here.
The quokka bites you.
* * * LOW HITPOINT WARNING * * *
You take 2 damage, and have 4/20 hp.
The quokka bites you.
* * * LOW HITPOINT WARNING * * *
You take 2 damage, and have 2/20 hp.
Aim: a quokka The searing ray hits the quokka. (Press . to maintain the ray.)
The quokka bites you.
You die...

#..#
...
#..##
#...#
#..#
#.>#
##S#
#r#
#@#
#.#
#.#
#+#


You could see a quokka and a ball python.

Vanquished Creatures
  A dart slug (D:1)
  2 orcs (D:3)
  A ball python (D:3)
  A giant cockroach (D:3)
  A hobgoblin (D:3)
  2 frilled lizards (D:3)
  A rat (D:1)
9 creatures vanquished.

Notes
Turn   | Place    | Note
-------+----------+-------------------------------------------
     0 | D:1      | mhoghedin the Draconian Conjurer began the quest for the
                  | Orb.
     0 | D:1      | Reached XP level 1. HP: 14/14 MP: 3/3
   276 | D:3      | Reached XP level 2. HP: 20/20 MP: 0/5
   284 | D:3      | Learned a level 2 spell: Searing Ray
   352 | D:2      | Noticed Natasha
   367 | D:1      | HP: 4/20 [quokka (2)]
   370 | D:1      | Slain by a quokka

Levels and vault maps discovered:
D:1:      tarquinn_simple_flora_water_e, layout_basic, minmay_misc_feat_five,
          cheibriados_altar_1
D:2:      layout_rooms, uniq_natasha
D:3:      layout_loops_ring, first_ration, serial_undead, serial_undead_f,
          serial_undead_a, serial_undead_e, serial_undead_f, serial_undead_e,
          uniq_robin, uniq_sigmund

Action                   || total
-------------------------++-------
Melee: Unarmed           ||    16
       Tailslap          ||     1
 Cast: Magic Dart        ||    18
       Searing Ray       ||     1
Armor: Skin              ||     6
Dodge: Dodged            ||    25

Table legend:
 A = Non-vault XP
 B = Vault XP
 C = Vault XP percentage of total XP
 D = Non-vault monster count
 E = Vault monster count
 F = Vault count percentage of total count
                 A         B        C        D         E       F
            +---------+---------+-------+---------+---------+-------
      Total |      19 |       0 |   0.0 |       9 |       0 |   0.0
            +---------+---------+-------+---------+---------+-------
        D:1 |       5 |       0 |   0.0 |       2 |       0 |   0.0
        D:3 |      14 |       0 |   0.0 |       7 |       0 |   0.0
            +---------+---------+-------+---------+---------+-------

Levels and vault maps discovered:
D:1:      tarquinn_simple_flora_water_e, layout_basic, minmay_misc_feat_five,
          cheibriados_altar_1
D:2:      layout_rooms, uniq_natasha
D:3:      layout_loops_ring, first_ration, serial_undead, serial_undead_f,
          serial_undead_a, serial_undead_e, serial_undead_f, serial_undead_e,
          uniq_robin, uniq_sigmund

Table legend:
 A = Turns spent in this place as a percentage of turns spent in the entire game.
 B = Non-inter-level travel turns spent in this place as a percentage of non-inter-level travel turns spent in the entire game.
 C = Inter-level travel turns spent in this place as a percentage of turns spent in this place.
 D = Turns resting spent in this place as a percentage of non-inter-level travel turns spent in this place.
 E = Turns spent auto-exploring this place as a percentage of non-inter-level travel turns spent in this place.
 F = Non-inter-level travel turns spent in this place divided by the number of levels of this place that you've seen.
                   A       B       C       D       E      F
               +-------+-------+-------+-------+-------+----------------------
         Total | 100.0 | 100.0 |   0.0 |  55.9 |   8.6 | 123.3
       Dungeon | 100.0 | 100.0 |   0.0 |  55.9 |   8.6 | 123.3
               +-------+-------+-------+-------+-------+----------------------

Table legend:
 A = Kills in this place as a percentage of kills in entire the game.
 B = Kills by you in this place as a percentage of kills by you in the entire game.
 C = Kills by friends in this place as a percentage of kills by friends in the entire game.
 D = Other kills in this place as a percentage of other kills in the entire game.
 E = Experience gained in this place as a percentage of experience gained in the entire game.
 F = Experience gained in this place divided by the number of levels of this place that you have seen.
                   A       B       C       D       E      F
               +-------+-------+-------+-------+-------+----------------------
         Total | 100.0 | 100.0 |   N/A |   N/A | 100.0 |   6.3
       Dungeon | 100.0 | 100.0 |   N/A |   N/A | 100.0 |   6.3
               +-------+-------+-------+-------+-------+----------------------
